 Dungeon Sprint DCSS version 0.23.0-3-gf3c87f2 (webtiles) character file.

Game seed: 13595733057066030822

210 nuthulu the Ruffian (level 5, -3/51 HPs)
             Began as a Ghoul Monk on Feb 21, 2019.
             Was a Believer of Yredelemnul.
             Slain by a hellwing (7 damage)
             ... summoned by a deep elf mage
             ... in the Dungeon (Sprint III: "The Ten Rune Challenge").
             The game lasted 00:02:20 (527 turns).

nuthulu the Ruffian (Ghoul Monk)                     Turns: 527, Time: 00:02:20

Health: -3/51      AC:  2    Str: 16    XL:     5   Next: 87%
Magic:  4/4        EV: 14    Int:  5    God:    Yredelemnul [**....]
Gold:   30         SH:  0    Dex: 11    Spells: 4/4 levels left

rFire    . . .     SeeInvis .     - Unarmed
rCold    + . .     Gourm    .   (no shield)
rNeg     + + +     Faith    .   a - +0 robe
rPois    ∞         Spirit   .   (no helmet)
rElec    .         Reflect  .   (no cloak)
rCorr    .         Harm     .   (no gloves)
MR       .....     NoTele   +   (no boots)
Stlth    +++.......             (no amulet)
HPRegen  0.00/turn              (no ring)
MPRegen  0.09/turn              (no ring)

@: rotting
A: rotting body, claws 1, carnivore, cold resistance 1, negative energy
resistance 3, inhibited regeneration, torment resistance, unbreathing
a: Animate Remains, Recall Undead Slaves, Injury Mirror, Renounce Religion


You were in the Dungeon.
You worshipped Yredelemnul.
Yredelemnul was pleased with you.
You were not hungry.

You visited 1 branch You collected 30 gold pieces.

Inventory:

Armour
 a - a +0 robe (worn)
Scrolls
 e - a scroll of identify
 h - 2 scrolls of blinking
 i - 3 scrolls of remove curse
Potions
 c - 2 potions of curing
 f - 2 potions of magic
 g - a potion of berserk rage
 j - 3 potions of flight
 k - a potion of lignification
Comestibles
 b - 3 rations


   Skills:
 + Level 6.9 Fighting
 + Level 5.7 Dodging
 + Level 7.0 Stealth
 * Level 7.8 Unarmed Combat
 + Level 0.0 Invocations


You had 4 spell levels left.
You didn't know any spells.
Your spell library was empty.

Dungeon Overview and Level Annotations

Branches:
Dungeon (1/1)

Altars:
Dithmenos
Elyvilon
Ru
Yredelemnul
Zin
The Shining One


Innate Abilities, Weirdness & Mutations

Your body is rotting away.
You thrive on raw meat.
You are immune to poison.
You have sharp fingernails.
You are carnivorous and can eat meat at any time.
Your flesh is cold resistant. (rC+)
You are immune to negative energy. (rN+++)
You do not regenerate when monsters are visible.
You are immune to unholy pain and torment.
You can survive without breathing.


Message History

The deep elf mage casts a spell.
You claw the deep elf mage!
The deep elf mage is heavily wounded.
The smoke demon hits you but does no damage.
The smoke demon misses you. The smoke demon barely misses you.
The deep elf mage hits you but does no damage.
You miss the deep elf mage.
The deep elf mage is heavily wounded.
The hellwing hits you!
* * * LOW HITPOINT WARNING * * *
The hellwing hits you.
* * * LOW HITPOINT WARNING * * *
The smoke demon barely misses you. x2; The smoke demon hits you.
* * * LOW HITPOINT WARNING * * *
The deep elf mage drinks a potion.
The deep elf mage is healed!
You barely miss the deep elf mage.
The deep elf mage is moderately wounded.
The hellwing hits you!
You die...
Yredelemnul claims you as an undead slave.

▓▓▓▓ ▓▓▓ )..#### ##.#####
#### ......#####..#___#
#__# .......#!!#..#.e3#
#._#
#.##...#..#..###@#+###'##
#.###..##?#..#..§4......#
##.##..###...+.⌠........#
..##.)####...#...######+#
..##..###....#.⌠.#
.##...##.....#...#
##....#......#+###
##..##.#.....# #..
####....#


You could see a hellwing, a deep elf mage and a smoke demon.

Vanquished Creatures
  A necrophage (D)
  A water elemental (D)
  Jessica (D)
  A necromancer (D)
  A human (D)
  A phantom (D)
  3 rats (D)
9 creatures vanquished.

Vanquished Creatures (others)
  2 draconian scorchers (D)
  6 hellions (D)
  A yaktaur (D)
  A necrophage skeleton (D)
10 creatures vanquished.

Grand Total: 19 creatures vanquished

Notes
Turn   | Place    | Note
-------+----------+-------------------------------------------
     0 | D        | nuthulu the Ghoul Monk began the quest for the Orb.
     0 | D        | Reached XP level 1. HP: 19/19 MP: 0/0
    45 | D        | Noticed Jessica
    56 | D        | Killed Jessica
    56 | D        | Reached XP level 2. HP: 28/28 MP: 1/1
    56 | D        | Reached XP level 3. HP: 34/34 MP: 2/2
    99 | D        | Reached skill level 5 in Fighting
    99 | D        | Reached skill level 5 in Unarmed Combat
   119 | D        | Killed a hellion
   120 | D        | Killed a hellion
   120 | D        | Killed a hellion
   121 | D        | Killed a hellion
   148 | D        | Killed a hellion
   165 | D        | Killed a yaktaur
   199 | D        | Killed a white draconian scorcher
   208 | D        | Killed a white draconian scorcher
   238 | D        | Killed a hellion
   282 | D        | Noticed a water elemental
   291 | D        | Killed a water elemental
   291 | D        | Reached skill level 5 in Stealth
   291 | D        | Reached XP level 4. HP: 28/44 MP: 3/3
   401 | D        | Found a basalt altar of Yredelemnul.
   401 | D        | Found a shadowy altar of Dithmenos.
   401 | D        | Found a sacrificial altar of Ru.
   401 | D        | Noticed a necrophage
   405 | D        | Reached skill level 5 in Dodging
   405 | D        | Reached XP level 5. HP: 45/50 MP: 4/4
   418 | D        | Killed a necrophage
   477 | D        | Became a worshipper of Yredelemnul the Dark
   477 | D        | Reached * piety under Yredelemnul
   477 | D        | Reached ** piety under Yredelemnul
   513 | D        | Found a glowing silver altar of Zin.
   513 | D        | Found a glowing golden altar of the Shining One.
   513 | D        | Found a white marble altar of Elyvilon.
   513 | D        | Noticed a deep elf mage
   518 | D        | Noticed a smoke demon
   525 | D        | Noticed a hellwing
   527 | D        | Slain by a hellwing

Skill      XL: |  1  2  3  4  5 |
---------------+----------------+-----
Fighting       | 4 5 6 |  6.9
Dodging        | 3 4 5 |  5.7
Stealth        | 4 5 6 7 |  7.0
Unarmed Combat | 4 5 6 7 |  7.8

Action                   |  1- 3 |  4- 6 || total
-------------------------+-------+-------++-------
Melee: Unarmed           |    41 |    23 ||    64
       Punch             |     2 |       ||     2
Invok: Animate Remains   |       |     1 ||     1
  Use: Scroll            |     2 |       ||     2
       Potion            |     2 |       ||     2
  Eat: Chunk             |     1 |     4 ||     5
Armor: Robe              |     5 |     4 ||     9
Dodge: Dodged            |    24 |     9 ||    33
